Map: Ulrena

Players

NaZko - Winner!

  • Race: Terran Terran
  • League: Gold

Jhyrachy

  • Race: Zerg Zerg
  • League: Gold

VOD

Have the link to the VOD?

Description

Time

  • Played on: May 20, 2016, 3:08 p.m.
  • Length: 10:42
Show
View Real Time Build Order
Export as new Build Order

NaZko Terran - Winner!

Build Orders: MMM Bio 

Get SALT Encoding   

  12  0:02  SCV  
  13  0:14  SCV  
  13  0:20  Supply Depot  
  14  0:26  SCV  
  15  0:41  SCV  
  16  0:43  Refinery  
  16  0:46  Barracks  
  16  0:53  SCV  
  17  1:05  SCV  
  18  1:17  SCV  
  19  1:22  Refinery  
  19  1:30  SCV  
  20  1:38  Marine  
  21  1:44  Factory  
  21  1:47  Orbital Command  
  21  1:56  Marine  
  21  1:57  Supply Depot  
  22  2:14  SCV  
  23  2:18  Marine  
  24  2:26  SCV  
  24  2:28  Factory Tech Lab  
  25  2:30  Starport  
  25  2:36  Marine  
  26  2:38  SCV  
  27  2:51  Siege Tank  
  27  2:54  Supply Depot  
  27  2:55  SCV  
  31  3:15  Marine  
  31  3:16  Medivac  
  31  3:19  Supply Depot  
  34  3:23  Siege Tank  
  37  3:33  Marine  
  38  3:41  Command Center  
  38  3:46  Medivac  
  40  3:51  Marine  
  41  4:00  Supply Depot  
  41  4:05  Engineering Bay  
  41  4:09  Engineering Bay  
  41  4:13  Marine  
  42  4:44  SCV  
  43  4:52  Starport Reactor  
  43  4:56  Orbital Command  
  43  4:57  Factory Tech Lab  
  43  4:58  Barracks  
  43  5:03  Barracks Reactor  
  36  5:16  Siege Tank  
  39  5:40  Medivac x2  
  43  5:44  Orbital Command  
  43  5:55  Marine x2  
  43  5:56  Terran Infantry Weapons Level 1, Stimpack  
  42  5:57  Terran Infantry Armor Level 1  
  42  6:07  Marine  
  43  6:13  SCV x2  
  45  6:25  SCV  
  45  6:28  Barracks  
  47  6:32  SCV  
  47  6:33  Marine x3, Barracks  
  47  6:34  Siege Tank  
  47  6:37  SCV  
  54  6:45  SCV  
  55  6:48  Supply Depot  
  55  6:50  SCV  
  55  6:51  Marine x3  
  59  6:57  SCV  
  60  7:03  Command Center  
  60  7:06  Supply Depot  
  60  7:08  Marine  
  60  7:09  Marine x2, Siege Tank  
  60  7:10  Medivac  
  60  7:12  SCV  
  60  7:14  SCV  
  70  7:19  Supply Depot  
  70  7:22  Barracks Reactor x2  
  70  7:26  Marine x2  
  72  7:31  Marine  
  72  7:35  SCV x2  
  75  7:37  Refinery  
  75  7:38  Refinery  
  75  7:42  Supply Depot  
  75  7:44  Marine  
  75  7:45  Marine  
  75  7:48  Marine  
  78  7:56  Combat Shields  
  78  7:57  Armory  
  78  8:01  Marine x2  
  80  8:12  SCV x2  
  82  8:24  Orbital Command, SCV  
  82  8:25  Marine x4  
  82  8:26  Marine x3  
  72  8:27  Medivac x2  
  94  8:52  Marine x4  
  94  8:54  Siege Tank  
  101  9:10  Marine x6  
  107  9:30  Marine x7  
  113  9:42  Orbital Command  
  113  9:43  Barracks  
  111  9:48  Marine x5  
  111  9:51  Barracks, SCV  
  117  10:03  SCV  
  117  10:04  Marine  
  117  10:05  SCV  
  117  10:10  Marine x2  
  117  10:11  Marine  
  116  10:20  Marine  
  117  10:23  SCV  
  117  10:25  SCV  
  117  10:26  SCV  
Show
View Real Time Build Order
Export as new Build Order

Jhyrachy Zerg 

Build Orders: Hatch First 

Get SALT Encoding   

  12  0:01  Drone  
  13  0:08  Drone  
  14  0:18  Overlord  
  14  0:37  Drone x3  
  17  0:56  Drone  
  18  0:57  Hatchery  
  17  1:11  Extractor  
  17  1:12  Drone  
  17  1:18  Spawning Pool  
  16  1:19  Drone  
  16  1:22  Drone  
  18  1:32  Drone  
  19  1:44  Overlord  
  19  2:06  Zergling x2  
  19  2:07  Zergling x2  
  21  2:09  Queen  
  21  2:12  Zergling x2  
  24  2:23  Drone x2  
  24  2:25  Metabolic Boost  
  26  2:32  Drone x2  
  28  2:41  Queen  
  28  2:44  Drone x2  
  32  2:59  Pneumatized Carapace  
  32  3:06  Drone x4  
  36  3:22  Overlord  
  36  3:44  Queen  
  36  3:45  Hatchery  
  36  3:48  Overlord x2  
  37  3:51  Drone x4  
  37  3:52  Drone x2  
  43  3:58  Evolution Chamber  
  43  4:01  Evolution Chamber  
  41  4:05  Spore Crawler  
  40  4:23  Zergling x2  
  40  4:24  Zergling x14  
  48  4:32  Zerg Melee Weapons Level 1  
  48  4:33  Zerg Ground Armor Level 1, Queen  
  50  4:52  Queen  
  52  4:56  Overlord x3  
  49  5:29  Drone x4  
  49  5:30  Drone x4  
  57  5:41  Drone x5  
  62  5:58  Queen  
  64  6:10  Lair  
  64  6:26  Queen  
  66  6:35  Hatchery  
  65  7:00  Extractor  
  64  7:04  Extractor  
  64  7:05  Extractor, Drone x3  
  64  7:06  Drone  
  64  7:07  Drone x2  
  64  7:08  Zerg Melee Weapons Level 2  
  68  7:12  Drone x3  
  71  7:46  Spire, Zerg Ground Armor Level 2  
  70  7:59  Drone  
  70  8:00  Extractor, Drone x3  
  70  8:01  Drone  
  70  8:02  Drone x2  
  70  8:03  Extractor, Drone x3  
  70  8:04  Drone  
  70  8:05  Drone x7  
  86  8:11  Queen  
  88  8:15  Overlord x3  
  88  9:02  Corruptor x2  
  88  9:03  Corruptor x6  
  88  9:05  Overlord x3  
  88  9:06  Overlord x2  
  102  9:18  Zergling x4  
  100  9:33  Zergling x12  
  100  9:34  Zergling x6  
  82  10:03  Zergling x2  
  82  10:04  Zergling x28  
Tags
 
Composition
MMM Bio
League
GoldGold
Matchup
TvZ
Add a new tag
Caveats
  • Supply blocks, unpowered buildings, or Contaminate may cause inaccurate times.
  • Supply counts are checked every 10 seconds.